 Dungeon Crawl Stone Soup version 0.27.1-34-g3ba077fa99 (webtiles) character file.

Game seed: 13899427797825093892

3868 Gabide the Spear-Bearer (level 10, -4/77 HPs)
             Began as a Human Monk on Jan 7, 2022.
             Was a Priest of Elyvilon.
             Shot with a bolt by an orc warrior (20 damage)
             ... in a bailey.
             The game lasted 00:14:12 (9392 turns).

Gabide the Spear-Bearer (Human Monk)                Turns: 9392, Time: 00:14:13

Health: -4/77      AC: 10    Str: 18    XL:     10   Next: 42%
Magic:  9/10       EV: 15    Int: 10    God:    Elyvilon [***...]
Gold:   426        SH:  0    Dex: 25    Spells: 9/9 levels left

rFire    . . .     SeeInvis .   e - +5 spear
rCold    . . .     Faith    .   (no shield)
rNeg     . . .     Spirit   .   n - +3 ring mail
rPois    .         Reflect  .   (no helmet)
rElec    .         Harm     .   a - +0 cloak
rCorr    .         Rampage  .   (no gloves)
Will     .....                  (no boots)
Stlth    +++.......             b - amulet of magic regeneration
HPRegen  0.22/turn              i - +6 ring of strength
MPRegen  0.37/turn              v - +6 ring of dexterity

@: no status effects
A: no striking features
a: Renounce Religion, Lesser Healing, Heal Other, Purification, Divine
Protection


You were in a bailey.
You worshipped Elyvilon.
Elyvilon was most pleased with you.
You visited 2 branches of the dungeon, and saw 9 of its levels.
You also visited: Bailey.

You collected 468 gold pieces.
You spent 42 gold pieces at shops.

Inventory:

Hand Weapons
 e - a +5 spear (weapon)
 r - the +9 shortbow "Muad" {freeze, rF+ rC- Str+5 Int+4}
   (You found it on level 5 of the Dungeon)

   Any ammunition fired from it freezes those it strikes, dealing additional
   cold damage.
   It can also slow down cold-blooded creatures.
   Str:       It affects your strength (+5).
   Int:       It affects your intelligence (+4).
   rF:        It protects you from fire.
   rC:        It makes you vulnerable to cold.
Armour
 a - a +0 cloak (worn)
 n - a +3 ring mail (worn)
 x - a +1 robe of fire resistance
Jewellery
 b - an amulet of magic regeneration (around neck)
 c - a ring of flight
 f - a ring of see invisible
 i - a +6 ring of strength (left hand)
 j - a ring of fire
 v - a +6 ring of dexterity (right hand)
Wands
 k - a wand of digging (4)
 o - a wand of acid (8)
 p - a wand of iceblast (11)
Scrolls
 h - 5 scrolls of teleportation
 l - a scroll of fear
 m - 2 scrolls of magic mapping
 s - a scroll of immolation {unknown}
 t - 2 scrolls of holy word
 w - a scroll of blinking
 y - 2 scrolls of amnesia
 z - 3 scrolls of identify
Potions
 d - a potion of curing
 g - 2 potions of flight
 q - a potion of berserk rage {unknown}
 B - a potion of degeneration {unknown}


   Skills:
 + Level 6.4 Fighting
 + Level 9.0 Polearms
 * Level 6.4 Bows
 + Level 4.0 Armour
 + Level 5.7 Dodging
 + Level 5.0 Stealth


You had 9 spell levels left.
You didn't know any spells.
Your spell library contained the following spells:

 Spells                   Type           Power      Damage    Failure   Level
 Foxfire                  Conj/Fire      0%         2x1d4     54%         1
 Slow                     Hex            0%         N/A       69%         2
 Confusing Touch          Hex            0%         N/A       89%         3
 Conjure Flame            Conj/Fire      0%         6-21      89%         3
 Frozen Ramparts          Ice            0%         1d2       89%         3
 Inner Flame              Hex/Fire       0%         N/A       89%         3
 Vampiric Draining        Necr           0%         2d6       89%         3
 Ice Form                 Ice/Tmut       0%         N/A       100%        4
 Summon Ice Beast         Ice/Summ       0%         N/A       100%        4


Dungeon Overview and Level Annotations

Branches:
Dungeon (8/15)             Temple (1/1) D:7          Bailey (1/1)
   Lair: D:8-11

Altars:
Ashenzari
Cheibriados
Dithmenos
Elyvilon
Fedhas
Gozag
Hepliaklqana
Kikubaaqudgha
Nemelex Xobeh
Okawaru
Qazlal
Ru
Sif Muna
Trog
Uskayaw
Vehumet
Wu Jian
Yredelemnul
Zin
The Shining One

Shops:
D:2 *   D:8 [

Annotations:
D:4 1 runed translucent door


Message History

You do not have any ammo quivered for the +9 shortbow "Muad" {freeze, rF+ rC- Str+5 Int+4}.
You do not have any ammo quivered for the +9 shortbow "Muad" {freeze, rF+ rC- Str+5 Int+4}.
You do not have any ammo quivered for the +9 shortbow "Muad" {freeze, rF+ rC- Str+5 Int+4}.
You do not have any ammo quivered for the +9 shortbow "Muad" {freeze, rF+ rC- Str+5 Int+4}.
You do not have any ammo quivered for the +9 shortbow "Muad" {freeze, rF+ rC- Str+5 Int+4}.
You do not have any ammo quivered for the +9 shortbow "Muad" {freeze, rF+ rC- Str+5 Int+4}.
You do not have any ammo quivered for the +9 shortbow "Muad" {freeze, rF+ rC- Str+5 Int+4}.
You do not have any ammo quivered for the +9 shortbow "Muad" {freeze, rF+ rC- Str+5 Int+4}.
You do not have any ammo quivered for the +9 shortbow "Muad" {freeze, rF+ rC- Str+5 Int+4}.
You do not have any ammo quivered for the +9 shortbow "Muad" {freeze, rF+ rC- Str+5 Int+4}.
You do not have any ammo quivered for the +9 shortbow "Muad" {freeze, rF+ rC- Str+5 Int+4}.
You do not have any ammo quivered for the +9 shortbow "Muad" {freeze, rF+ rC- Str+5 Int+4}.
You do not have any ammo quivered for the +9 shortbow "Muad" {freeze, rF+ rC- Str+5 Int+4}.
You do not have any ammo quivered for the +9 shortbow "Muad" {freeze, rF+ rC- Str+5 Int+4}.
You do not have any ammo quivered for the +9 shortbow "Muad" {freeze, rF+ rC- Str+5 Int+4}.
You do not have any ammo quivered for the +9 shortbow "Muad" {freeze, rF+ rC- Str+5 Int+4}.
You do not have any ammo quivered for the +9 shortbow "Muad" {freeze, rF+ rC- Str+5 Int+4}.
You do not have any ammo quivered for the +9 shortbow "Muad" {freeze, rF+ rC- Str+5 Int+4}.
You do not have any ammo quivered for the +9 shortbow "Muad" {freeze, rF+ rC- Str+5 Int+4}.
You do not have any ammo quivered for the +9 shortbow "Muad" {freeze, rF+ rC- Str+5 Int+4}.
You do not have any ammo quivered for the +9 shortbow "Muad" {freeze, rF+ rC- Str+5 Int+4}.
You do not have any ammo quivered for the +9 shortbow "Muad" {freeze, rF+ rC- Str+5 Int+4}.
You do not have any ammo quivered for the +9 shortbow "Muad" {freeze, rF+ rC- Str+5 Int+4}.
You do not have any ammo quivered for the +9 shortbow "Muad" {freeze, rF+ rC- Str+5 Int+4}.
The +9 shortbow "Muad" {freeze, rF+ rC- Str+5 Int+4} stops glowing.
e - a +5 spear (weapon)
The orc warrior shoots a bolt.
The bolt hits you.
The orc warrior shoots a bolt.
The bolt closely misses you.
The orc warrior shoots a bolt.
The bolt barely misses you.
The orc warrior shoots a bolt.
The bolt hits you.
The orc warrior shoots a bolt.
The bolt hits you.
The orc warrior shoots a bolt.
The bolt hits you!!
The orc warrior shoots a bolt.
The bolt hits you!
* * * LOW HITPOINT WARNING * * *
Okay, then.
You are healed.
The orc warrior unwields a +0 arbalest.
The orc warrior hits you.
* * * LOW HITPOINT WARNING * * *
The orc warrior shoots a bolt.
The bolt hits you!!
You die...

...........#
..........##
..........#
.........#
.........#
.........# ##
.........##..#
.............#
.......@.....#
...≈≈≈≈≈o....#
..≈≈#o#.≈....#
..≈##.∩#≈......
..≈ .^. ≈......
.. ##.# ≈......
. ≈...... ≈≈
.......


You could see 2 orc warriors.

Vanquished Creatures
  Joseph (D:8)
  A wyvern (D:8)
  3 water moccasins
  4 orc warriors (Bailey)
  An ice beast (D:7)
  3 sky beasts
  5 black bears
  2 ogres (D:5)
  A centaur (D:7)
  2 kobold brigands
  Blork the orc (D:6)
  4 scorpions
  A bullfrog (D:7)
  A water moccasin skeleton (D:5)
  4 killer bees (D:8)
  2 howler monkeys
  3 centaur zombies
  A gnoll shaman (D:8)
  A hound (D:5)
  2 bullfrog skeletons
  Natasha (D:2)
  An iguana (D:5)
  2 orc wizards (D:4)
  A hound skeleton (D:4)
  11 gnolls
  5 adders
  2 ufetubi
  2 adder skeletons (D:4)
  3 worms
  2 dart slugs
  14 orcs
  9 ball pythons
  7 endoplasms
  9 hobgoblins
  2 jackals (D:1)
  2 quokkas
  2 frilled lizards
  3 goblins
  A jackal skeleton (D:4)
  A jackal zombie (D:4)
  12 kobolds
  4 rats
139 creatures vanquished.

Vanquished Creatures (others)
  14 plants
14 creatures vanquished.

Grand Total: 153 creatures vanquished

Notes
Turn   | Place    | Note
-------+----------+-------------------------------------------
     0 | D:1      | Gabide the Human Monk began the quest for the Orb.
     0 | D:1      | Reached XP level 1. HP: 18/18 MP: 1/1
   230 | D:1      | Reached XP level 2. HP: 21/24 MP: 2/2
   684 | D:2      | Reached XP level 3. HP: 23/29 MP: 3/3
   828 | D:2      | Found Canujec's General Store.
   835 | D:2      | Bought a potion of curing for 42 gold pieces
  1695 | D:2      | Noticed Natasha
  1716 | D:2      | Killed Natasha
  1717 | D:2      | Reached XP level 4. HP: 20/35 MP: 4/4
  2691 | D:1      | Reached skill level 4 in Polearms
  3045 | D:1      | Found a faded altar of an unknown god.
  3114 | D:1      | Reached XP level 5. HP: 36/41 MP: 5/5
  3690 | D:3      | Found a radiant altar of Vehumet.
  3690 | D:3      | Found a hazy altar of Hepliaklqana.
  3691 | D:3      | Found a hide-covered altar of Uskayaw.
  3832 | D:3      | Found a bloodstained altar of Trog.
  4347 | D:4      | Reached XP level 6. HP: 43/48 MP: 6/6
  4455 | D:4      | Reached skill level 5 in Polearms
  4695 | D:4      | Found a runed translucent door.
  4695 | D:4      | Noticed a human
  4707 | D:4      | Found a basalt altar of Yredelemnul.
  5064 | D:5      | Entered Level 5 of the Dungeon
  5065 | D:5      | Noticed an ogre
  5077 | D:5      | Killed an ogre
  5078 | D:5      | Reached XP level 7. HP: 15/54 MP: 7/7
  5334 | D:5      | Reached skill level 6 in Polearms
  5687 | D:5      | Reached skill level 1 in Armour
  5687 | D:5      | Reached XP level 8. HP: 61/61 MP: 8/8
  5860 | D:5      | Reached skill level 7 in Polearms
  6252 | D:5      | Identified the +9 shortbow "Muad" {freeze, rF+ rC- Str+5
                  | Int+4}
  6429 | D:6      | Reached skill level 5 in Fighting
  6554 | D:6      | Reached XP level 9. HP: 68/68 MP: 9/9
  6588 | D:6      | Noticed Blork the orc
  6601 | D:6      | Killed Blork the orc
  6602 | D:6      | Reached skill level 8 in Polearms
  6602 | D:6      | Reached skill level 5 in Dodging
  7477 | D:7      | Found a staircase to the Ecumenical Temple.
  7539 | Temple   | Entered the Ecumenical Temple
  7787 | Temple   | Became a worshipper of Elyvilon the Healer
  7787 | Temple   | Reached * piety under Elyvilon
  7787 | Temple   | Reached ** piety under Elyvilon
  7957 | D:7      | Reached skill level 1 in Bows
  8039 | D:7      | Reached skill level 5 in Stealth
  8448 | D:8      | Noticed Joseph
  8460 | D:8      | Killed Joseph
  8461 | D:8      | Reached skill level 9 in Polearms
  8461 | D:8      | Reached XP level 10. HP: 39/76 MP: 10/10
  8730 | D:8      | Reached *** piety under Elyvilon
  8751 | D:8      | Reached skill level 5 in Bows
  8762 | D:8      | Found Fihycyfu's Armour Shoppe.
  8801 | D:8      | Found a flagged portal.
  9026 | Bailey   | Entered a bailey
  9392 | Bailey   | Shot with a bolt by an orc warrior

Illustrated notes

Levels and vault maps discovered:
D:1:      nzn_arrival_depleted_hourglass, layout_basic,
          dilly_ecumenical_altar_fadedgnrine
D:2:      layout_basic, serial_shops, shop, patterned_corridor, uniq_natasha
D:3:      layout_loops_ring, nicolae_overflow_quartered_altars,
          kennysheep_generic_room_15
D:4:      layout_basic, dk_yredelemnul_ordeal
D:5:      kb_forest_paths, layout_basic, serial_shops,
          nicolae_shop_overgrown_old_shop
D:6:      layout_gridville, minmay_misc_feat_nine_boxes,
          chequers_serial_rivers_micro_d, uniq_blork_the_orc
D:7:      layout_basic, minmay_temple_entry_sparse_star, nrook_pool_corridor
D:8:      layout_loops_ring, serial_shops, nicolae_shop_crystal, enter_bailey_1,
          chequers_hall_statues_corner_a, uniq_joseph
Temple:   regret_index_temple_generic_petals
Bailey:   bailey_polearm_2, bailey

Skill      XL: |  1  2  3  4  5  6  7  8  9 10 |
---------------+-------------------------------+-----
Polearms       | 4 5 6 7 9 |  9.0
Stealth        | 3 4 5 |  5.0
Dodging        | 4 5 |  5.7
Fighting       | 4 5 6 |  6.4
Armour         | 1 2 3 4 |  4.0
Bows           | 4 6 |  6.4

Action                   |  1- 3 |  4- 6 |  7- 9 | 10-12 || total
-------------------------+-------+-------+-------+-------++-------
Melee: Spear             |    87 |   185 |   165 |    23 ||   460
       Shortbow          |       |       |     1 |       ||     1
 Fire: Shortbow          |       |       |    45 |    60 ||   105
Invok: Lesser Healing    |       |       |       |     1 ||     1
  Use: Potion            |     3 |     1 |     3 |     2 ||     9
       Scroll            |     1 |     7 |     3 |       ||    11
 Stab: Sleeping          |     6 |    10 |     9 |       ||    25
Armor: Robe              |     2 |    12 |       |       ||    14
       Skin              |    14 |     3 |     3 |       ||    20
       Ring mail         |       |     7 |    63 |    15 ||    85
Dodge: Dodged            |    25 |    57 |   116 |    70 ||   268
